General information
- name: BNet
- type: Ladder team game (AT/RT)
- host: Battle.net
- saver: FriendlyTyler
map: GnollWood
- players: 6
- length: 22:35
- speed: Fast
- version: 1.26 W3XP
- replay type:

» download(196 KB)
Players
team 1 (winner)
BetUWishUNoSrch (
purple | 105 APM | 2370 actions | 22:34)
6 Warden
3 Shadow Strike
3 Blink
» actions
| Assign group hotkey | 5 | |
| Basic commands | 12 | |
| Build / train | 57 | |
| ESC pressed | 2 | |
| Enter build submenu | 14 | |
| Enter hero's abilities submenu | 6 | |
| Give item / drop item | 1 | |
| Right click | 1746 | |
| Select / deselect | 150 | |
| Select group hotkey | 237 | |
| Use ability | 140 | |
2370 total
» units
» buildings
| Altar of Elders | 1 | |
| Moon Well | 8 | |
| Tree of Ages | 1 | |
| Ancient of Wonders | 1 | |
| Tree of Eternity | 1 | |
| Tree of Life | 2 | |
14 total
» build order
00:10 Altar of Elders
00:11 Moon Well
00:53 Moon Well
03:24 Moon Well
07:03 Tree of Ages
09:27 Ancient of Wonders
09:29 Tree of Eternity
09:36 Moon Well
12:40 Tree of Life
15:30 Tree of Life
19:14 Moon Well
20:26 Moon Well
20:59 Moon Well
21:02 Moon Well
» items
| Staff of Teleportation | 1 | |
| Boots of Speed | 1 | |
| Scroll of Regeneration | 2 | |
| Lesser Clarity Potion | 5 | |
| Healing Salve | 3 | |
| Orb of Venom | 1 | |
| Potion of Healing | 1 | |
14 total
Birdeneering (
blue | 120 APM | 2711 actions | 22:34)
4 Archmage
2 Blizzard
2 Brilliance Aura
» actions
| Assign group hotkey | 586 | |
| Basic commands | 21 | |
| Build / train | 59 | |
| Enter build submenu | 31 | |
| Enter hero's abilities submenu | 4 | |
| Right click | 1522 | |
| Select / deselect | 249 | |
| Select group hotkey | 133 | |
| Use ability | 106 | |
2711 total
» units
» upgrades
» buildings
| Altar of Kings | 1 | |
| Farm | 3 | |
| Lumber Mill | 2 | |
| Scout Tower | 22 | |
| Arcane Tower | 3 | |
| Guard Tower | 20 | |
| Arcane Vault | 3 | |
54 total
» build order
00:04 Altar of Kings
00:20 Farm
00:35 Lumber Mill
00:49 Farm
01:22 Scout Tower
01:27 Scout Tower
01:48 Scout Tower
01:50 Farm
01:53 Arcane Tower
01:54 Scout Tower
02:14 Arcane Tower
02:15 Scout Tower
02:27 Scout Tower
02:28 Guard Tower
02:50 Arcane Vault
02:54 Scout Tower
03:01 Guard Tower
03:01 Guard Tower
03:08 Guard Tower
03:09 Guard Tower
03:09 Guard Tower
03:21 Guard Tower
03:24 Scout Tower
04:04 Guard Tower
04:05 Guard Tower
04:06 Scout Tower
04:11 Guard Tower
04:12 Scout Tower
04:40 Guard Tower
05:03 Scout Tower
05:46 Scout Tower
05:57 Scout Tower
06:09 Scout Tower
06:10 Guard Tower
06:10 Guard Tower
07:08 Lumber Mill
07:10 Arcane Tower
07:12 Scout Tower
07:13 Arcane Vault
07:51 Guard Tower
07:53 Scout Tower
07:54 Scout Tower
08:24 Guard Tower
08:26 Arcane Vault
08:47 Guard Tower
08:50 Scout Tower
09:17 Guard Tower
09:32 Scout Tower
10:10 Guard Tower
11:25 Scout Tower
11:52 Guard Tower
11:53 Scout Tower
11:54 Scout Tower
» items
| Boots of Speed | 1 | |
| Staff of Teleportation | 1 | |
| Scroll of Regeneration | 1 | |
| Moonstone | 1 | |
| Lesser Clarity Potion | 1 | |
| Healing Salve | 1 | |
6 total
FriendlyTyler (
green | 106 APM | 2391 actions | 22:35)
6 Blademaster
2 Wind Walk
3 Critical Strike
1 Bladestorm
» actions
| Assign group hotkey | 9 | |
| Build / train | 70 | |
| Enter build submenu | 35 | |
| Enter hero's abilities submenu | 6 | |
| Give item / drop item | 2 | |
| Remove unit from queue | 1 | |
| Right click | 1602 | |
| Select / deselect | 289 | |
| Select group hotkey | 240 | |
| Use ability | 137 | |
2391 total
» units
» upgrades
| Ranged Weapons | 3 | |
| Spiked Barricades | 1 | |
| Liquid Fire | 1 | |
| Troll Regeneration | 1 | |
6 total
» buildings
| Altar of Storms | 1 | |
| Orc Burrow | 4 | |
| War Mill | 1 | |
| Voodoo Lounge | 3 | |
| Watch Tower | 21 | |
| Stronghold | 1 | |
| Beastiary | 2 | |
| Fortress | 2 | |
| Great Hall | 1 | |
| Barracks | 1 | |
37 total
» build order
00:13 Altar of Storms
00:20 Orc Burrow
00:47 War Mill
01:13 Voodoo Lounge
02:04 Watch Tower
02:22 Watch Tower
03:09 Stronghold
03:11 Watch Tower
03:20 Watch Tower
03:47 Watch Tower
04:22 Watch Tower
04:24 Orc Burrow
06:00 Beastiary
06:02 Beastiary
06:08 Watch Tower
06:17 Watch Tower
06:32 Fortress
06:33 Fortress
07:06 Watch Tower
07:08 Watch Tower
08:49 Orc Burrow
09:49 Orc Burrow
10:33 Voodoo Lounge
14:30 Watch Tower
14:32 Watch Tower
15:13 Watch Tower
15:40 Watch Tower
16:44 Great Hall
17:20 Barracks
17:27 Watch Tower
17:28 Watch Tower
17:29 Watch Tower
17:32 Watch Tower
18:31 Voodoo Lounge
21:56 Watch Tower
21:57 Watch Tower
22:04 Watch Tower
» items
| Healing Salve | 4 | |
| Lesser Clarity Potion | 14 | |
| Boots of Speed | 1 | |
| Staff of Teleportation | 1 | |
| Orb of Lightning | 1 | |
| Potion of Healing | 1 | |
22 total
team 2 (loser)
CrimSon]wSk[ (
yellow | 113 APM | 2484 actions | 21:56)
1 Dreadlord
1 Vampiric Aura
2 Lich
1 Frost Nova
1 Frost Armor
» actions
| Assign group hotkey | 86 | |
| Basic commands | 329 | |
| Build / train | 39 | |
| Enter build submenu | 15 | |
| Enter hero's abilities submenu | 3 | |
| Remove unit from queue | 2 | |
| Right click | 1324 | |
| Select / deselect | 352 | |
| Select group hotkey | 276 | |
| Use ability | 58 | |
2484 total
» units
| Acolyte | 2 | |
| Ghoul | 20 | |
| Crypt Fiend | 7 | |
29 total
» upgrades
» buildings
| Crypt | 2 | |
| Ziggurat | 6 | |
| Altar of Darkness | 1 | |
| Tomb of Relics | 1 | |
| Halls of the Dead | 1 | |
| Graveyard | 1 | |
12 total
» build order
00:10 Crypt
00:13 Crypt
00:38 Ziggurat
00:57 Altar of Darkness
01:11 Tomb of Relics
02:14 Ziggurat
02:33 Ziggurat
07:03 Halls of the Dead
08:27 Ziggurat
08:30 Ziggurat
08:31 Ziggurat
08:40 Graveyard
FragstorE (
red | 76 APM | 1717 actions | 22:33)
4 Far Seer
2 Feral Spirit
2 Chain Lighting
» actions
| Assign group hotkey | 48 | |
| Basic commands | 83 | |
| Build / train | 57 | |
| Enter build submenu | 23 | |
| Enter hero's abilities submenu | 4 | |
| Remove unit from queue | 1 | |
| Right click | 972 | |
| Select / deselect | 260 | |
| Select group hotkey | 203 | |
| Use ability | 66 | |
1717 total
» units
| Peon | 7 | |
| Grunt | 13 | |
| Troll Batrider | 4 | |
| Wind Rider | 7 | |
| Raider | 5 | |
36 total
» upgrades
| Pillage | 1 | |
| Ranged Weapons | 2 | |
| Liquid Fire | 1 | |
4 total
» buildings
| Barracks | 1 | |
| Altar of Storms | 1 | |
| Orc Burrow | 5 | |
| Stronghold | 1 | |
| War Mill | 1 | |
| Voodoo Lounge | 3 | |
| Watch Tower | 13 | |
| Fortress | 1 | |
| Beastiary | 2 | |
| Tauren Totem | 2 | |
30 total
» build order
00:08 Barracks
00:15 Altar of Storms
00:22 Orc Burrow
01:54 Orc Burrow
02:37 Orc Burrow
06:12 Orc Burrow
06:14 Orc Burrow
07:06 Stronghold
07:56 Stronghold
08:00 War Mill
09:43 Voodoo Lounge
09:56 Voodoo Lounge
10:36 Watch Tower
10:37 Watch Tower
10:38 Watch Tower
10:40 Watch Tower
10:41 Watch Tower
10:42 Watch Tower
10:42 Watch Tower
10:44 Watch Tower
10:45 Watch Tower
12:06 Fortress
12:57 Beastiary
12:59 Beastiary
13:32 Watch Tower
13:33 Watch Tower
13:34 Watch Tower
13:35 Watch Tower
15:52 Tauren Totem
16:00 Tauren Totem
17:01 Voodoo Lounge
» items
| Scroll of Town Portal | 2 | |
| Orb of Lightning | 1 | |
| Potion of Healing | 2 | |
| Potion of Mana | 1 | |
| Scroll of Speed | 1 | |
| Healing Salve | 1 | |
| Lesser Clarity Potion | 1 | |
9 total
Henker (
teal | 109 APM | 2385 actions | 21:52)
4 Keeper of the Grove
2 Entangling Roots
2 Thorns Aura
» actions
| Assign group hotkey | 116 | |
| Basic commands | 193 | |
| Build / train | 62 | |
| Enter build submenu | 17 | |
| Enter hero's abilities submenu | 4 | |
| Remove unit from queue | 3 | |
| Right click | 1190 | |
| Select / deselect | 274 | |
| Select group hotkey | 463 | |
| Use ability | 63 | |
2385 total
» units
| Wisp | 14 | |
| Archer | 24 | |
| Glaive Thrower | 7 | |
| Huntress | 3 | |
48 total
» upgrades
» buildings
| Altar of Elders | 2 | |
| Moon Well | 8 | |
| Ancient of War | 4 | |
| Hunter's Hall | 1 | |
| Ancient Protector | 3 | |
18 total
» build order
00:03 Altar of Elders
00:19 Moon Well
00:47 Ancient of War
01:31 Moon Well
02:04 Ancient of War
03:39 Moon Well
04:25 Moon Well
05:15 Hunter's Hall
07:02 Moon Well
07:03 Moon Well
08:29 Ancient of War
13:27 Ancient Protector
13:57 Ancient Protector
15:06 Ancient Protector
20:18 Moon Well
20:19 Moon Well
20:21 Altar of Elders
21:14 Ancient of War
» items
| Dust of Appearance | 2 | |
| Potion of Lesser Invulnerability | 1 | |
3 total
Chat log
(00:01 / All) BetUWishUNoSrch: HOLD My pizza
(00:18 / All) CrimSon]wSk[: LOL
(13:22 / All) CrimSon]wSk[: :D :D
(19:28 / All) FriendlyTyler: lol
(19:34 / All) Birdeneering: guys wait
(19:40 / All) Birdeneering: WAIT!!
(19:41 / All) Birdeneering: my mom
(20:18 / All) FriendlyTyler: gg
(20:19 / All) FriendlyTyler: leave
(20:25 / All) Birdeneering: you're low on time
(20:26 / All) Birdeneering: bye bye
(21:15 / All) CrimSon]wSk[: you can still win this fragstore!
(21:19 / All) CrimSon]wSk[: ups fc
(22:08 / All) Birdeneering: waity